 Dungeon Crawl Stone Soup version 0.30-b1-6-gad0e9d6a2d (webtiles) character file.

Game seed: 659395147016116749

9914 H0rd4k the Basher (level 11, -7/84 (87) HPs)
             Began as a Human Artificer on May 5, 2023.
             Was an Initiate of Gozag.
             Mangled by a sun demon (24 damage)
             ... summoned by an orc high priest
             ... in a bailey.
             The game lasted 00:19:41 (12583 turns).

H0rd4k the Basher (Human Artificer)                Turns: 12583, Time: 00:19:42

HP:   -7/84 (87)    AC:  9    Str: 17    XL:     11   Next: 83%
MP:   30/30         EV: 20    Int: 17    God:    Gozag
Gold: 1642          SH:  0    Dex: 15    Spells: 23/23 levels left

rFire   . . .        I - +2 whip "Ceagaxol" {drain, rElec Str+5}
rCold   . . .        (no shield)
rNeg    . . .        b - +0 leather armour
rPois   +            s - +2 hat {Will+}
rElec   +            (no cloak)
rCorr   .            E - +0 pair of gloves
SInv    .            c - +2 pair of boots {Fly}
Will    +....        (no amulet)
Stlth   +++          D - +5 ring of evasion
HPRegen 0.34/turn    t - ring "Ynom" {Drain rPois MP+9 Int+2}
MPRegen 0.22/turn

%: no passive effects
@: flying, studying Stealth, lightly drained
A: no striking features
a: Renounce Religion, Potion Petition, Call Merchant, Bribe Branch


You were in a bailey.
You worshipped Gozag.
Gozag was most pleased with you.
You visited 2 branches of the dungeon, and saw 11 of its levels.
You also visited: Sewer, Ossuary and Bailey.

You collected 1775 gold pieces.
You paid 133 gold pieces to Gozag.

Inventory:

Hand Weapons
 I - the +2 whip "Ceagaxol" (weapon) {drain, rElec Str+5}
   (You found it on level 4 of the Dungeon)

   Str:       It affects your strength (+5).
   rElec:     It insulates you from electricity.
 O - a +2 heavy quarterstaff
Missiles
 S - 3 throwing nets
Armour
 b - a +0 leather armour (worn)
 c - a +2 pair of boots of flying (worn)
 s - a +2 hat of willpower (worn)
 E - a +0 pair of gloves (worn)
Magical Staves
 p - the staff of air "Zuaxkuot" {Contam rElec rC+ rN+ Int+3}
   (You found it on level 3 of the Dungeon)

   [staff of air]

   Base accuracy: +5 Base damage: 5 Base attack delay: 1.2 This weapon's minimum
   attack delay (0.6) is reached at skill level 12.
   Int:       It affects your intelligence (+3).
   rC:        It protects you from cold.
   rElec:     It insulates you from electricity.
   rN:        It protects you from negative energy.
   Contam:    It causes magical contamination when unequipped.
   It falls into the 'Staves' category.
   It is a one-handed weapon.
Jewellery
 k - a ring of positive energy
 t - the ring "Ynom" (right hand) {Drain rPois MP+9 Int+2}
   (You found it on level 7 of the Dungeon)

   [ring of magical power]

   Int:       It affects your intelligence (+2).
   rPois:     It protects you from poison.
   MP:        It affects your magic capacity (+9).
   Drain:     It drains your maximum health when unequipped.
 A - a ring of ice
 D - a +5 ring of evasion (left hand)
 J - a ring of fire
 T - a +4 ring of slaying
Wands
 a - a wand of acid (9)
 r - a wand of digging (2)
 Q - a wand of flame (39)
Scrolls
 e - 2 scrolls of magic mapping {unknown}
 g - 2 scrolls of vulnerability {unknown}
 h - 4 scrolls of enchant armour
 i - 8 scrolls of blinking
 l - 3 scrolls of fog
 n - 3 scrolls of poison
 o - 7 scrolls of teleportation
 u - 2 scrolls of acquirement
 y - a scroll of fear {unknown}
 C - 3 scrolls of enchant weapon
 M - a scroll of summoning {unknown}
 P - a scroll of amnesia {unknown}
 R - a scroll of brand weapon {unknown}
 U - 3 scrolls of identify
Potions
 f - 8 potions of heal wounds
 j - 2 potions of haste {unknown}
 m - a potion of brilliance {unknown}
 q - 3 potions of attraction {unknown}
 v - 7 potions of curing {unknown}
 w - a potion of berserk rage
 x - 2 potions of might {unknown}
 z - 2 potions of magic {unknown}
 B - 5 potions of mutation {unknown}
 F - a potion of cancellation {unknown}
 G - 2 potions of invisibility {unknown}
 H - 3 potions of flight {unknown}
 K - 5 potions of lignification {unknown}
 L - 2 potions of resistance {unknown}
 N - a potion of ambrosia {unknown}


   Skills:
 + Level 8.5 Fighting
 + Level 8.8 Maces & Flails
 + Level 2.8 Armour
 + Level 8.0 Dodging
 + Level 6.5 Stealth
 * Level 6.6 Spellcasting
 + Level 5.2 Evocations


You had 23 spell levels left.
You didn't know any spells.
Your spell library contained the following spells:

 Spells                   Type           Power      Damage    Failure   Level
 Freeze                   Ice            20%        1d4       14%         1
 Frozen Ramparts          Ice            10%        1d2       38%         3
 Hailstorm                Conj/Ice       5%         3d4       38%         3
 Tukima's Dance           Hex            5%         N/A       38%         3
 Passage of Golubria      Tloc           5%         N/A       80%         4
 Yara's Violent Unravell  Hex/Tmut       2%         3d3       98%         5
 Ozocubu's Refrigeration  Ice            2%         4d8       100%        7
 Polar Vortex             Ice            2%         N/A       100%        9
 Simulacrum               Ice/Necr       Unusable   N/A       N/A         6

Dungeon Overview and Level Annotations

Branches:
Dungeon (10/15)            Temple (1/1) D:4           Sewer (visited)
Ossuary (visited)          Bailey (1/1)
   Lair: D:8-11         Orc: D:9-12

Altars:
Ashenzari
Cheibriados
Dithmenos
Elyvilon
Fedhas
Gozag
Hepliaklqana
Kikubaaqudgha
Makhleb
Nemelex Xobeh
Okawaru
Qazlal
Ru
Sif Muna
Trog
Uskayaw
Vehumet
Wu Jian
Xom
Zin
The Shining One

Shops:
D:1 =   D:3 *   D:4 *

Annotations:
D:10 exclusion: ice statue


Message History

The soul eater hits you but does no damage.
You barely miss the orc high priest.
The orc high priest is severely wounded.
The orc high priest completely misses you.
You hit the orc high priest but do no damage.
You drain the orc high priest.
The orc high priest is severely wounded.
The goblin misses you.
The soul eater hits you but does no damage.
The orc high priest hits you but does no damage.
You hit the orc high priest but do no damage.
The orc high priest is severely wounded.
The goblin hits you but does no damage. The soul eater barely misses you.
You closely miss the orc high priest.
The orc high priest is severely wounded.
The orc high priest barely misses you.
You whack the orc high priest!
The orc high priest is almost dead.
The goblin hits you with a +0 hand axe. The soul eater hits you.
You feel drained.
You hit the orc high priest.
The orc high priest is almost dead.
The orc high priest misses you. The soul eater misses you.
You barely miss the orc high priest.
The orc high priest is almost dead.
The orc high priest hits you with a +0 war axe!
You hit the orc high priest.
The orc high priest is almost dead.
The soul eater hits you but does no damage.
You barely miss the orc high priest.
The orc high priest is almost dead.
The sun demon hits you!
You are engulfed in flames!
The orc high priest completely misses you.
The soul eater hits you!
* * * LOW HITPOINT WARNING * * *
You closely miss the orc high priest.
The orc high priest is almost dead.
The sun demon hits you!!
You die...
Your body crumbles into a pile of gold.

≈≈≈≈≈≈≈≈≈≈≈≈≈≈≈≈≈≈≈≈≈≈≈#
≈≈≈≈≈≈≈≈≈≈≈≈≈≈≈≈≈≈≈≈≈≈≈#
≈≈≈≈≈≈≈≈≈≈≈≈≈≈≈≈≈≈≈≈≈≈≈#
~~~~~~~~~~~~######≈≈≈≈≈#
............'..#.#≈≈≈≈≈#
#############..#'#≈≈≈≈≈#
......#)....'..g4#≈≈≈≈≈#
8.8.8.')....#..3o#≈≈≈≈≈#
..##############@#≈≈≈≈≈#
..# +[[#3~≈≈≈≈≈# ..#.
#[[#.~≈≈≈≈≈# ###..
#..#.~≈≈≈≈≈# .##...
#########.)≈≈≈≈≈#
.##....#..8.8..#.~≈≈≈≈≈#
.##.._4g..3o)...∩~≈≈≈≈≈#
.##....#..8.8).#.~≈≈≈≈≈#
.##.4. #########.~≈≈≈≈≈#


You could see a soul eater (summoned), an orc high priest (drained), a sun demon
(summoned), a chaos spawn (summoned) and a goblin.

Vanquished Creatures
  A two-headed ogre (D:7)
  An orc sorcerer (Bailey)
  Joseph (D:8)
  A merfolk (D:9)
  3 wyverns (D:9)
  6 yaks
  An acid dragon (D:9)
  6 water moccasins
  An ice beast (D:7)
  A sky beast (D:6)
  4 black bears
  A hornet zombie (Ossuary)
  12 orc warriors
  2 centaurs
  3 ogres
  A kobold brigand (D:8)
  6 bullfrogs
  3 gnoll sergeants
  3 scorpions
  A wyvern zombie (Ossuary)
  3 water moccasin zombies (Ossuary)
  8 wights
  4 killer bees (D:9)
  2 howler monkeys
  A vampire bat (D:4)
  4 electric eels (Bailey)
  3 lava snakes (D:7)
  2 centaur zombies (Ossuary)
  7 bullfrog zombies (Ossuary)
  6 hounds
  3 orc priests
  2 gnoll boudas
  2 jellies (D:7)
  8 iguanas
  Ijyb (D:3)
  4 orc wizards
  3 killer bee zombies (Ossuary)
  12 mummies
  20 gnolls
  6 adders
  2 shadow imps
  A white imp (D:6)
  3 ufetubi
  4 worms
  2 dart slugs
  3 fire bats (D:4)
  29 orcs
  2 spectral bats (D:4)
  3 bat skeletons (D:4)
  A bat zombie (D:4)
  2 endoplasms
  5 giant cockroaches
  3 goblins
  12 hobgoblins
  4 jackals
  10 kobolds
  6 quokkas
  9 ball pythons
  14 bats
  A bat simulacrum (D:4)
  4 frilled lizards
  A rat (D:2)
280 creatures vanquished.

Vanquished Creatures (collateral kills)
  A slime creature (D:7)
  An orc warrior (D:7)
  A bullfrog (D:7)
  A scorpion (D:7)
  A wight (D:7)
  A lava snake (D:7)
  2 bullfrog zombies (Ossuary)
  A centaur zombie (Ossuary)
  An orc priest (D:7)
  An iguana (D:7)
  A killer bee zombie (Ossuary)
  A mummy (Ossuary)
13 creatures vanquished.

Vanquished Creatures (others)
  A kobold demonologist (D:7)
  A troll (D:7)
  A wyvern zombie (Ossuary)
  43 fungi (D:10)
  40 plants (D:10)
  5 withered plants (Ossuary)
91 creatures vanquished.

Grand Total: 384 creatures vanquished

Notes
Turn   | Place    | Note
-------+----------+-------------------------------------------
     0 | D:1      | H0rd4k the Human Artificer began the quest for the Orb.
     0 | D:1      | Reached XP level 1. HP: 15/15 MP: 1/1
   202 | D:1      | Reached XP level 2. HP: 15/21 MP: 2/2
   252 | D:1      | Found Adon's One-of-a-Kind Rings.
   655 | D:2      | Reached XP level 3. HP: 10/26 MP: 3/3
  1016 | D:2      | Found a shimmering altar of Xom.
  1598 | D:2      | Found a faded altar of an unknown god.
  1681 | D:2      | Reached XP level 4. HP: 18/32 MP: 4/4
  1807 | D:3      | Identified the staff of air "Zuaxkuot" {Contam rElec rC+
                  | rN+ Int+3}
  1865 | D:3      | Reached skill level 1 in Maces & Flails
  1918 | D:3      | Noticed Ijyb
  1921 | D:3      | Killed Ijyb
  2046 | D:3      | Found Cirikev's Assorted Antiques.
  2319 | D:4      | You are sucked into a shaft and drop 3 floors!
  2426 | D:7      | Noticed a slime creature
  2426 | D:7      | Noticed a troll
  2430 | D:7      | Noticed a kobold demonologist
  2431 | D:7      | Noticed a bullfrog
  2434 | D:7      | Killed a slime creature
  2435 | D:7      | Reached XP level 5. HP: 33/39 MP: 5/5
  2435 | D:7      | Reached XP level 6. HP: 39/46 MP: 6/6
  2447 | D:7      | Noticed a two-headed ogre
  2448 | D:7      | Identified the +1 robe "Mibarac" {rPois Will++ SInv Stlth-}
  2448 | D:7      | Noticed an orc warrior
  2457 | D:7      | Killed an orc warrior
  2458 | D:7      | Reached XP level 7. HP: 39/51 MP: 7/7
  2608 | D:6      | Reached skill level 1 in Spellcasting
  2632 | D:6      | Found a sand-covered staircase.
  2643 | Ossuary  | Entered an ossuary
  2661 | Ossuary  | Reached XP level 8. HP: 58/58 MP: 9/9
  2934 | Ossuary  | Reached skill level 5 in Evocations
  3122 | Ossuary  | Reached XP level 9. HP: 40/67 MP: 13/13
  3246 | Ossuary  | Reached skill level 5 in Fighting
  3477 | Ossuary  | Reached skill level 5 in Dodging
  3704 | D:6      | Found a burning altar of Makhleb.
  4156 | D:6      | Found a stormy altar of Qazlal.
  4182 | D:5      | Entered Level 5 of the Dungeon
  4281 | D:5      | Found a glowing drain.
  4349 | Sewer    | Entered a sewer
  4535 | D:4      | Found Uruivu Wadat's Assorted Antiques.
  4811 | D:4      | Identified the +2 whip "Ceagaxol" {drain, rElec Str+5}
  4854 | D:4      | Found a staircase to the Ecumenical Temple.
  4894 | Temple   | Entered the Ecumenical Temple
  5015 | Temple   | Became a worshipper of Gozag Ym Sagoz the Greedy
  5191 | D:4      | Found a shimmering blue altar of Sif Muna.
  5876 | D:5      | Reached XP level 10. HP: 77/77 MP: 16/16
  6047 | D:5      | Reached skill level 5 in Maces & Flails
  6140 | D:5      | Found a hazy altar of Hepliaklqana.
  6762 | D:6      | Reached skill level 5 in Stealth
  7264 | D:7      | Identified the ring "Ynom" {Drain rPois MP+9 Int+2}
  7392 | D:7      | Killed a two-headed ogre
  7393 | D:7      | Reached skill level 5 in Spellcasting
  8406 | D:8      | Noticed Joseph
  8424 | D:8      | Killed Joseph
  8704 | D:8      | Found a shimmering altar of Xom.
  9168 | D:8      | Reached XP level 11. HP: 52/81 MP: 19/19
 10107 | D:9      | Found a snail-covered altar of Cheibriados.
 10113 | D:9      | Found a white marble altar of Elyvilon.
 11078 | D:10     | Entered Level 10 of the Dungeon
 11441 | D:10     | Found a flagged portal.
 11450 | Bailey   | Entered a bailey
 11569 | Bailey   | Noticed an orc sorcerer
 11594 | Bailey   | Killed an orc sorcerer
 12371 | Bailey   | Found an iron altar of Okawaru.
 12501 | Bailey   | Noticed an orc high priest
 12569 | Bailey   | Noticed a soul eater
 12572 | Bailey   | Noticed a sun demon
 12583 | Bailey   | Mangled by a sun demon

Illustrated notes

Levels and vault maps discovered:
D:1:      lightli_arrival_maybe_door_vault, layout_basic,
          nicolae_shop_unique_rings
D:2:      layout_loops_cross, basic_altar, basic_ecumenical_altar
D:3:      layout_basic, serial_shops, nicolae_shop_tiny_waterfront, uniq_ijyb
D:4:      layout_gridville, nicolae_sif_muna_condensation,
          minmay_temple_entry_ruins, serial_shops, nicolae_take_the_stairs,
          goddamned_bats
D:5:      layout_rooms, nicolae_hepliaklqana_hazy_memory, portal_sewer_entry_f,
          corexii_item_surrounded_by_moat, minmay_stone_trees_medium
D:6:      mumra_celtic_spiral_tile, layout_basic,
          mainiacjoe_overflow_tiny_flanked, mainiacjoe_overflow_alcove_2,
          gup_ossuary_entry_pyramid
D:7:      kennysheep_big_flooded_room, layout_basic, minmay_manual_monstrance
D:8:      layout_gridville, kennysheep_mini, kennysheep_small_square,
          uniq_joseph
D:9:      layout_irregular_city, mainiacjoe_overflow_catwalk_spiral,
          small_statue_intersection, hangedman_fish_farm
D:10:     layout_irregular_city, mainiacjoe_overflow_alcove_1,
          due_lair_maze_entry_diamond, enter_bailey_5, minivault_16,
          chequers_serial_rivers_large_a, hangedman_abyss_or_decor_clamps
Temple:   jpeg_temple_clearing
Bailey:   bailey_axe_of_yendor_kennysheep, bailey

Skill      XL: |  1  2  3  4  5  6  7  8  9 10 11 |
---------------+----------------------------------+-----
Maces & Flails | 3 4 7 8 |  8.8
Stealth        | 2 3 4 5 6 |  6.5
Fighting       | 2 3 4 6 7 8 |  8.5
Dodging        | 2 3 4 5 6 8 |  8.0
Evocations     | 4 5 |  5.2
Spellcasting   | 1 3 4 5 6 |  6.6
Armour         | |  2.8

Action                     |  1- 3 |  4- 6 |  7- 9 | 10-12 || total
---------------------------+-------+-------+-------+-------++-------
  Melee: Club              |   143 |    51 |       |       ||   194
         Punch             |     3 |     2 |     5 |    14 ||    24
         Mace              |       |     8 |       |       ||     8
         Great mace        |       |       |   268 |       ||   268
         Whip              |       |       |   141 |   982 ||  1123
  Evoke: Wand              |    19 |    10 |     3 |     4 ||    36
    Use: Potion            |       |     1 |       |       ||     1
         Scroll            |       |       |       |     6 ||     6
   Stab: Sleeping          |     7 |       |    13 |     9 ||    29
         Distracted        |       |       |     7 |     1 ||     8
 Armour: Leather armour    |    46 |    19 |   154 |   136 ||   355
  Dodge: Dodged            |   100 |    43 |   379 |   768 ||  1290
